 Dungeon Crawl Stone Soup version 0.30-a0-711-gf4ac18a38d (webtiles) character file.

Game seed: 4153855227088966204

341 ASSMAN the Covered (level 6, -2/48 HPs)
             Began as an Armataur Hedge Wizard on Jan 23, 2023.
             Was a Believer of the Shining One.
             Slain by a gnoll
             ... wielding a +0 flail
             ... led by a gnoll sergeant
              (6 damage)
             ... on level 4 of the Dungeon.
             The game lasted 00:06:29 (3051 turns).

ASSMAN the Covered (Armataur Hedge Wizard)          Turns: 3051, Time: 00:06:30

Health: -2/48      AC:  5    Str: 17    XL:     6   Next: 30%
Magic:  10/10      EV:  9    Int: 14    God:    the Shining One [**....]
Gold:   164        SH:  0    Dex: 10    Spells: 10/11 levels left

rFire   . . .      SeeInvis .    f - +2 short sword (elec)
rCold   . . .      Faith    .    (no shield)
rNeg    + . .      Spirit   .    b - +0 robe
rPois   .          Reflect  .    n - +0 helmet
rElec   .          Harm     .    (no cloak)
rCorr   .          Roll     +    (no gloves)
Will    .....                    (no barding)
Stlth   +                        (no amulet)
HPRegen 0.28/turn                (no ring)
MPRegen 0.12/turn                (no ring)

@: glowing
A: large, rugged brown scales 3, deformed body, armoured tail, roll, long
tongue, awkward tongue
a: Renounce Religion, Divine Shield


You were on level 4 of the Dungeon.
You worshipped the Shining One.
The Shining One was pleased with you.
You visited 1 branch of the dungeon, and saw 4 of its levels.

You collected 164 gold pieces.

Inventory:

Hand Weapons
 f - a +2 short sword of electrocution (weapon)
Armour
 b - a +0 robe (worn)
 n - a +0 helmet (worn)
Scrolls
 a - a scroll of magic mapping
 c - a scroll of amnesia {unknown}
 g - 2 scrolls of blinking {unknown}
 h - 3 scrolls of teleportation
 m - a scroll of fear {unknown}
 o - a scroll of fog
Potions
 d - 2 potions of magic
 e - 4 potions of degeneration {unknown}
 i - 2 potions of brilliance {unknown}
 j - 2 potions of invisibility {unknown}
 k - a potion of resistance {unknown}
 l - a potion of haste


   Skills:
 + Level 4.4 Armour
 - Level 1.3 Dodging
 - Level 2.1 Stealth
 + Level 3.3 Shields
 - Level 3.1 Spellcasting
 - Level 0.8 Conjurations
 - Level 0.7 Summonings
 - Level 1.0 Translocations
 + Level 3.0 Invocations


You had 10 spell levels left.
You knew the following spells:

 Your Spells              Type           Power      Damage    Failure   Level
a - Magic Dart            Conj           16%        1d3       16%         1

Your spell library contained the following spells:

 Spells                   Type           Power      Damage    Failure   Level
 Slow                     Hex            8%         N/A       22%         1
 Blink                    Tloc           10%        N/A       22%         2
 Call Imp                 Summ           4%         N/A       24%         2
 Cigotuvi's Dreadful Rot  Necr/Pois/Air  4%         N/A       32%         2
 Portal Projectile        Hex/Tloc       6%         N/A       45%         3
 Mephitic Cloud           Conj/Pois/Air  3%         N/A       50%         3
 Tukima's Dance           Hex            2%         N/A       54%         3
 Blade Hands              Tmut           1%         N/A       99%         5


Dungeon Overview and Level Annotations

Branches:
Dungeon (4/15)
 Temple: D:4-7

Altars:
The Shining One

Annotations:
D:3 2 transporters, acebull12's ghost, amateur MiFi


Innate Abilities, Weirdness & Mutations

You are completely covered in rugged brown scales. (AC +3, +7% HP)
Armour fits poorly on your strangely shaped body.
You have a long armoured tail.
You roll when moving toward enemies. (Rampage)
Your long tongue fully drains potion bottles. (2x potion effects)
Your tongue gives you trouble enunciating. (1.5x scroll delay)


Message History

You hit the kobold. Lightning courses through the kobold!
You kill the kobold!
No target in view!
No target in view!
HP restored.
Found 4 stones.
A gnoll sergeant comes into view. It is wielding a +0 spear of freezing.
The gnoll sergeant shouts!
You hear a shout!
A gnoll comes into view. It is wielding a +0 halberd.
A gnoll comes into view. It is wielding a +0 flail.
The gnoll shouts!
A gnoll comes into view. It is wielding a +0 whip.
An orc comes into view. It is wielding a +0 short sword.
There are monsters nearby!
You roll towards the gnoll!
A gnoll comes into view. It is wielding a +0 flail.
The gnoll shouts!
A hound comes into view.
The gnoll sergeant hits you from afar with a +0 spear of freezing!
The gnoll sergeant freezes you.
You roll towards the gnoll!
The hound barks!
The gnoll hits you from afar with a +0 halberd!
The gnoll hits you with a +0 flail.
You are too injured to fight recklessly!
You are too injured to fight recklessly!
You are too injured to fight recklessly!
You are too injured to fight recklessly!
You are too injured to fight recklessly!
Unknown command.
The gnoll sergeant hits you with a +0 spear of freezing.
The gnoll sergeant freezes you.
* * * LOW HITPOINT WARNING * * *
The gnoll attacks as you move away! The gnoll hits you with a +0 flail!
* * * LOW HITPOINT WARNING * * *
The gnoll sergeant attacks as you move away!
The gnoll sergeant closely misses you.
The gnoll sergeant hits you but does no damage.
The gnoll attacks as you move away! The gnoll hits you with a +0 flail.
You die...

....... .. .. ##......
.#.. . #......# .#. .#
##.....h. .. ..# #.......#
.# ..# # ........#
##.#...#.#
.......g###.........
.......og...##..(...
##.......#gg@.........
#........####........#
..........###...##...#
...................#.#
....8......##........#
..........##.........#
..##.........#.......###..
.#..........##....<.......
#.........).†............


You could see a gnoll sergeant, 3 gnolls and an orc.

Vanquished Creatures
  Sigmund (D:2)
  An orc priest (D:3)
  Jessica (D:3)
  Robin (D:3)
  3 adders
  2 worms
  A dart slug (D:2)
  7 orcs
  4 bats
  3 endoplasms
  6 giant cockroaches
  7 goblins
  8 hobgoblins
  2 jackals (D:3)
  3 quokkas
  8 ball pythons
  7 frilled lizards
  6 kobolds
  6 rats
77 creatures vanquished.

Notes
Turn   | Place    | Note
-------+----------+-------------------------------------------
     0 | D:1      | ASSMAN the Armataur Hedge Wizard began the quest for the
                  | Orb.
     0 | D:1      | Reached XP level 1. HP: 14/14 MP: 4/4
   135 | D:1      | Reached skill level 1 in Armour
   292 | D:1      | Reached XP level 2. HP: 9/21 MP: 1/5
   574 | D:1      | Found a faded altar of an unknown god.
   634 | D:1      | Reached skill level 2 in Armour
   664 | D:1      | Prayed at the altar of an unknown god.
   664 | D:1      | Became a worshipper of the Shining One
   664 | D:1      | Reached * piety under the Shining One
  1136 | D:2      | Reached XP level 3. HP: 18/27 MP: 7/7
  1219 | D:2      | Noticed Sigmund
  1383 | D:2      | HP: 1/27 [Sigmund/+0 scythe of flaming (1)]
  1386 | D:2      | Killed Sigmund
  1387 | D:2      | Reached skill level 3 in Armour
  1387 | D:2      | Reached XP level 4. HP: 15/35 MP: 6/8
  1387 | D:2      | Reached XP level 5. HP: 17/40 MP: 6/9
  1967 | D:3      | Noticed Robin
  1977 | D:3      | Killed Robin
  1983 | D:3      | Reached skill level 4 in Armour
  2031 | D:3      | Found a transporter.
  2049 | D:3      | Found a transporter.
  2095 | D:3      | Noticed Jessica
  2100 | D:3      | Killed Jessica
  2266 | D:3      | Reached ** piety under the Shining One
  2291 | D:3      | Reached XP level 6. HP: 40/48 MP: 10/10
  2483 | D:3      | Noticed acebull12's ghost (amateur MiFi)
  3051 | D:4      | Slain by a gnoll

Illustrated notes

Levels and vault maps discovered:
D:1:      kilobyte_arrival_exit_the_forest, layout_basic,
          hellmonk_ecumenical_altar_crossroads, bh_walls_and_bars
D:2:      layout_loops_cross, minmay_misc_feat_five, uniq_sigmund
D:3:      layout_basic, gammafunk_ghost_mausoleum, uniq_jessica, uniq_robin
D:4:      layout_cave_pools, minmay_temple_entry_water_ring,
          serial_column_ruins, column_ruins_hut_ruined, column_ruins_grid_1,
          column_ruins_open_tiny, column_ruins_open_small,
          column_ruins_columns_water, kennysheep_generic_room_10

Skill      XL: |  1  2  3  4  5  6 |
---------------+-------------------+-----
Armour         | 1 2 3 4 |  4.4
Spellcasting   | 3 |  3.1
Shields        | 2 3 |  3.3
Invocations    | 2 3 |  3.0
Dodging        | |  1.3
Stealth        | |  2.1
Conjurations   | |  0.8
Summonings     | |  0.7
Translocations | |  1.0

Action                     |  1- 3 |  4- 6 || total
---------------------------+-------+-------++-------
  Melee: Dagger            |   108 |     2 ||   110
         Tailslap          |    10 |    13 ||    23
         Short sword       |       |    99 ||    99
   Cast: Magic Dart        |    15 |       ||    15
    Use: Scroll            |     5 |       ||     5
         Potion            |     2 |       ||     2
   Stab: Sleeping          |     5 |       ||     5
 Armour: Robe              |    45 |    22 ||    67
  Dodge: Dodged            |    53 |    32 ||    85

Table legend: (Time is in decaauts)
 A = Elapsed time spent in this place.
 B = Non-inter-level travel time spent in this place.
 C = Inter-level travel time spent in this place.
 D = Time resting spent in this place.
 E = Time spent auto-exploring this place.
 F = Levels seen in this place.
 G = Mean time per level.
                   A        B        C        D        E       F      G
               +--------+--------+--------+--------+--------+-----+--------+
         Total |   3034 |   2849 |    185 |    103 |   2226 |   4 |  758.5 |
       Dungeon |   3034 |   2849 |    185 |    103 |   2226 |   4 |  758.5 |
               +--------+--------+--------+--------+--------+-----+--------+

Top non-repeatable levels by time:
     D:1: 1179 daAuts
     D:3: 1065 daAuts
     D:2: 748 daAuts
     D:4: 40 daAuts
